 Dungeon Crawl Stone Soup version 0.28-a0-1510-gd0f6b136d3 (webtiles) character file.

Game seed: 257045706909786938

2544 horus123 the Protected (level 9, -12/68 HPs)
             Began as a Human Monk on Jan 14, 2022.
             Was a Believer of Nemelex Xobeh.
             Mangled by a white ugly thing (31 damage)
             ... on level 7 of the Dungeon.
             The game lasted 00:24:01 (8666 turns).

horus123 the Protected (Human Monk)                 Turns: 8666, Time: 00:24:02

Health: -12/68     AC: 15    Str: 20    XL:     9   Next: 85%
Magic:  9/9        EV: 12    Int: 11    God:    Nemelex Xobeh [**....]
Gold:   189        SH:  5    Dex: 21    Spells: 8/8 levels left

rFire   . . .      SeeInvis .   g - +0 morningstar
rCold   . . .      Faith    .   w - +0 buckler
rNeg    . . .      Spirit   .   x - +0 chain mail
rPois   .          Reflect  .   k - +1 helmet
rElec   .          Harm     .   (no cloak)
rCorr   +          Rampage  .   (no gloves)
Will    +....                   i - +0 pair of boots
Stlth   ..........              (no amulet)
HPRegen 0.21/turn               e - +6 ring of dexterity
MPRegen 0.11/turn               o - ring "Mitagos" {Will+ rCorr Str+4}

@: studying Armour
A: no striking features
a: Renounce Religion, Draw Escape, Draw Destruction, Draw Summoning


You were on level 7 of the Dungeon.
You worshipped Nemelex Xobeh.
Nemelex Xobeh was pleased with you.
You visited 2 branches of the dungeon, and saw 8 of its levels.

You collected 219 gold pieces.
You spent 30 gold pieces at shops.

Inventory:

Hand Weapons
 a - a +0 spear
 c - a +1 whip of draining
 g - a +0 morningstar (weapon)
Missiles
 B - 5 curare-tipped darts (quivered)
Armour
 b - a +0 robe
 d - a +0 plate armour
 i - a +0 pair of boots (worn)
 j - a +1 animal skin
 k - a +1 helmet (worn)
 q - a +2 hat
 r - a +0 ring mail
 v - a +0 leather armour of positive energy
 w - a +0 buckler (worn)
 x - a +0 chain mail (worn)
Jewellery
 e - a +6 ring of dexterity (left hand)
 o - the ring "Mitagos" (right hand) {Will+ rCorr Str+4}
   (You acquired it on level 3 of the Dungeon)

   [ring of willpower]

   Str:       It affects your strength (+4).
   rCorr:     It protects you from acid and corrosion.
   Will:      It increases your willpower.
 p - a +6 ring of intelligence
 y - a ring of flight
Wands
 f - a wand of acid (8)
 u - a wand of flame (19)
 z - a wand of paralysis (6)
Scrolls
 l - 3 scrolls of noise
 s - a scroll of fog
 C - a scroll of identify
 D - a scroll of enchant armour {unknown}
Potions
 h - 3 potions of haste
 m - a potion of degeneration {unknown}
 n - 2 potions of curing
 t - a potion of heal wounds {unknown}
 A - a potion of brilliance {unknown}


   Skills:
 - Level 5.1 Fighting
 - Level 5.6 Maces & Flails
 - Level 3.1 Polearms
 - Level 10.0 Armour
 - Level 8.0 Dodging
 - Level 2.0 Stealth
 + Level 1.3 Shields


You had 8 spell levels left.
You didn't know any spells.
Your spell library contained the following spells:

 Spells                   Type           Power      Damage    Failure   Level
 Animate Skeleton         Necr           0%         N/A       98%         1
 Apportation              Tloc           0%         N/A       98%         1
 Summon Small Mammal      Summ           0%         N/A       98%         1
 Ensorcelled Hibernation  Hex/Ice        0%         N/A       99%         2
 Passwall                 Tmut/Erth      0%         N/A       99%         2
 Gell's Gravitas          Tloc           0%         N/A       100%        3
 Swiftness                Air            0%         N/A       100%        3
 Teleport Other           Tloc           0%         N/A       100%        3
 Dispersal                Tloc           0%         N/A       100%        6


Dungeon Overview and Level Annotations

Branches:
Dungeon (7/15)             Temple (1/1) D:5

Altars:
Ashenzari
Cheibriados
Dithmenos
Elyvilon
Fedhas
Hepliaklqana
Kikubaaqudgha
Makhleb
Nemelex Xobeh
Okawaru
Qazlal
Ru
Sif Muna
Trog
Uskayaw
Vehumet
Wu Jian
Xom
Yredelemnul
Zin

Shops:
D:4 ?   D:6 [*


Message History

Found 17 arrows.
The white ugly thing gurgles horribly!
A howler monkey zombie comes into view.
The white ugly thing moves out of view.
You see here a wand of flame (6).
u - a wand of flame (19) (gained 6 charges) No target in view!
No target in view!
A white ugly thing is nearby!
A water moccasin comes into view.
The white ugly thing punches you! The white ugly thing freezes you!!
A centaur warrior zombie comes into view.
You are too injured to fight recklessly!
You draw a card...
You have drawn the Pentagram.
The white ugly thing closely misses you.
The hellwing hits you. The hellwing closely misses you.
Your hell hound barely misses the hellwing.
The hellwing swoops through the air toward you!
The hellwing hits you. You block the hellwing's attack.
Your hell hound breathes flames at the hellwing.
The blast of flame hits the hellwing.
The hellwing hits you but does no damage.
The hellwing hits you.
The hellwing hits you but does no damage.
The hellwing barely misses you.
Found a stone staircase leading up.
Your hell hound bites the hellwing!
Your hell hound completely misses the hellwing.
The white ugly thing punches you but does no damage.
You draw a card...
You have drawn Wild Magic.
The white ugly thing is caught in an explosion of flying shrapnel.
The air around the hellwing burns with energy.
Sand pours from the water moccasin's tail.
Rocks fall onto the howler monkey zombie out of nowhere.
You feel a surge of magic.
The deck of cards glows with a rainbow of weird colours and disappears.
Your hell hound bites the hellwing!
The white ugly thing punches you.
* * * LOW HITPOINT WARNING * * *
The white ugly thing freezes you!!
You die...
Your body glows slightly and disappears.

###......# ...(?....#
.........# Z.....S..#
# #......# ##.#
#S.#... . #..#.# #
<...#######.Z..# ..#
#...@u4Z..#####..#
.....####Sh....#....#
.## ####......#..#
.............# #
..)......#.#.#.#
####..#........#
#..###.....###
...#.#..#.### ####
#.....#


You could see a white ugly thing, a hellwing (summoned, ally target), a water
moccasin, a centaur warrior zombie, a howler monkey zombie and a friendly hell
hound (summoned).

Vanquished Creatures
  A cyclops (D:6)
  3 water moccasins
  An ice beast (D:3)
  3 black bears
  3 necrophages
  2 ogres
  A phantom (D:4)
  A bullfrog (D:6)
  A gnoll sergeant (D:6)
  4 scorpions
  A centaur zombie (D:5)
  A jelly (D:5)
  2 orc priests
  3 hounds
  2 centaur skeletons
  An iguana (D:4)
  2 orc wizards (D:5)
  2 hound zombies (D:5)
  A hound skeleton (D:4)
  Robin (D:2)
  5 adders
  11 gnolls
  A shadow imp (D:6)
  2 ufetubi (D:5)
  3 worms
  4 dart slugs
  17 orcs
  8 endoplasms
  A giant cockroach (D:1)
  13 goblins
  10 hobgoblins
  7 jackals
  8 kobolds
  A quokka (D:2)
  6 ball pythons
  5 bats
  3 frilled lizards
  3 rats (D:1)
144 creatures vanquished.

Notes
Turn   | Place    | Note
-------+----------+-------------------------------------------
     0 | D:1      | horus123 the Human Monk began the quest for the Orb.
     0 | D:1      | Reached XP level 1. HP: 18/18 MP: 1/1
    84 | D:1      | Reached skill level 1 in Maces & Flails
    94 | D:1      | Reached XP level 2. HP: 8/24 MP: 2/2
   973 | D:1      | Reached XP level 3. HP: 24/29 MP: 3/3
  1626 | D:2      | Noticed Robin
  1786 | D:2      | Killed Robin
  1787 | D:2      | Reached XP level 4. HP: 24/35 MP: 4/4
  2402 | D:2      | Reached XP level 5. HP: 25/41 MP: 5/5
  3591 | D:3      | Identified 2 scrolls of acquirement
  3592 | D:3      | Acquired a manual of Armour
  3594 | D:3      | Acquired the ring "Mitagos" {Will+ rCorr Str+4}
  3845 | D:3      | Noticed an ice beast
  3867 | D:3      | Killed an ice beast
  3868 | D:3      | Reached skill level 5 in Maces & Flails
  3868 | D:3      | Reached XP level 6. HP: 19/47 MP: 6/6
  4417 | D:4      | Noticed an ogre
  4438 | D:4      | Reached skill level 2 in Armour
  4442 | D:4      | Killed an ogre
  4443 | D:4      | Reached skill level 4 in Armour
  4443 | D:4      | Reached XP level 7. HP: 42/52 MP: 7/7
  4614 | D:4      | Reached skill level 5 in Armour
  4872 | D:4      | Found Wawejeyt's Magic Scroll Boutique.
  4915 | D:4      | Reached skill level 6 in Armour
  5287 | D:4      | Reached skill level 7 in Armour
  5296 | D:4      | Found a stormy altar of Qazlal.
  5456 | D:4      | Found a snail-covered altar of Cheibriados.
  5458 | D:4      | Found a broken altar of Ashenzari.
  5461 | D:4      | Found a bloodstained altar of Trog.
  5461 | D:4      | Noticed a water moccasin
  5482 | D:4      | Killed a water moccasin
  5483 | D:4      | Reached skill level 8 in Armour
  5483 | D:4      | Reached XP level 8. HP: 22/58 MP: 8/8
  6169 | D:5      | Entered Level 5 of the Dungeon
  6183 | D:5      | Reached skill level 9 in Armour
  6319 | D:5      | Found a staircase to the Ecumenical Temple.
  6329 | Temple   | Entered the Ecumenical Temple
  6469 | Temple   | Became a worshipper of Nemelex Xobeh the Trickster
  6469 | Temple   | Reached * piety under Nemelex Xobeh
  6469 | Temple   | Received a gift from Nemelex Xobeh
  6469 | Temple   | Reached ** piety under Nemelex Xobeh
  6519 | D:5      | Reached skill level 10 in Armour
  7204 | D:5      | Reached skill level 5 in Fighting
  7316 | D:6      | Reached XP level 9. HP: 68/68 MP: 9/9
  7367 | D:6      | Reached skill level 5 in Dodging
  7432 | D:6      | Noticed a cyclops
  7448 | D:6      | Killed a cyclops
  8086 | D:6      | Found Ujupteuh's Serpentskin Sales.
  8096 | D:6      | Bought 5 curare-tipped darts for 30 gold pieces
  8134 | D:6      | Found Xucyalid's Antique Armour Boutique.
  8363 | D:6      | Reached skill level 1 in Shields
  8655 | D:7      | Noticed a white ugly thing
  8660 | D:7      | Noticed a hellwing
  8666 | D:7      | Mangled by a white ugly thing

Illustrated notes

Levels and vault maps discovered:
D:1:      evilmike_arrival_crescent, layout_basic
D:2:      layout_loops_ring, st_stairs_11, uniq_robin
D:3:      layout_basic, st_stairs_8
D:4:      layout_basic, nicolae_overflow_crystal_walls,
          grunt_temple_overflow_diamond, serial_shops, shop,
          grunt_ministairs_13, lemuel_old_faithful
D:5:      layout_loops_ring, minmay_temple_entry_glass, minmay_misc_feat_tiny
D:6:      layout_rooms, serial_shops, shop, minmay_strange_pillars,
          guppyfry_shop_venom
D:7:      layout_loops_ring, item_on_display_a
Temple:   lightli_temple_of_artemis

Skill      XL: |  1  2  3  4  5  6  7  8  9 |
---------------+----------------------------+-----
Maces & Flails | 1 2 3 4 5 |  5.6
Armour         | 4 8 10 | 10.0
Fighting       | 5 |  5.1
Dodging        | 8 |  8.0
Shields        | 1 |  1.3
Polearms       | |  3.1
Stealth        | |  2.0

Action                   |  1- 3 |  4- 6 |  7- 9 || total
-------------------------+-------+-------+-------++-------
Melee: Spear             |    47 |       |       ||    47
       Whip              |    57 |    64 |       ||   121
       Punch             |     1 |     2 |     5 ||     8
       Morningstar       |       |    48 |   285 ||   333
Invok: Draw Destruction  |       |       |     5 ||     5
       Draw Summoning    |       |       |     1 ||     1
  Use: Scroll            |     2 |     9 |     2 ||    13
       Potion            |       |     2 |     2 ||     4
 Stab: Sleeping          |     6 |     8 |     4 ||    18
Armor: Robe              |    14 |     1 |       ||    15
       Animal skin       |       |    26 |    15 ||    41
       Ring mail         |       |       |    52 ||    52
       Plate armour      |       |       |    68 ||    68
       Chain mail        |       |       |    36 ||    36
Dodge: Dodged            |    66 |    65 |   193 ||   324
Block: Buckler           |       |       |    25 ||    25

Table legend: (Time is in decaauts)
 A = Elapsed time spent in this place.
 B = Non-inter-level travel time spent in this place.
 C = Inter-level travel time spent in this place.
 D = Time resting spent in this place.
 E = Time spent auto-exploring this place.
 F = Levels seen in this place.
 G = Mean time per level.
                   A        B        C        D        E       F      G
               +--------+--------+--------+--------+--------+-----+--------+
         Total |   8734 |   8490 |    244 |   2004 |   4799 |   8 | 1091.8 |
       Dungeon |   8576 |   8349 |    227 |   2004 |   4726 |   7 | 1225.1 |
        Temple |    157 |    140 |     17 |      0 |     73 |   1 |  157.0 |
               +--------+--------+--------+--------+--------+-----+--------+

Top non-repeatable levels by time:
     D:1: 1800 daAuts
     D:4: 1774 daAuts
     D:2: 1369 daAuts
     D:6: 1316 daAuts
     D:3: 1248 daAuts
     D:5: 1000 daAuts
  Temple: 157 daAuts
     D:7: 67 daAuts
